AoeStats
← Sheeps

Four Lakes

509253536Analyzed
1v1 RM · 7d ago on Sep 26, 2026· 27m 38s· 2 players
Game mode
Random Map
Map size
Tiny (2 player)
Population
200
Speed
Normal
Resources
Standard
Victory
Conquest
Starting age
Dark Age
Ending age
Imperial Age
RankedLock teamsTeams togetherTeam positionsShared explorationLock speedFull tech treeHidden civsTurbo modeCheats
Victory
Defeat
🇹🇼 Huns · Taiwan
1021
+16
🇨🇦 Varangians · Canada
1030
-16
玄之樂樂號
10:07 Loom
11:53 Feudal Age
13:42 Double-Bit Axe
16:15 Castle Age
16:46 Scale Barding Armor
16:55 Forging
22:39 Chain Barding Armor
23:55 Bow Saw
Sheeps
5:07 Loom
11:18 Feudal Age
13:13 Double-Bit Axe
16:18 Horse Collar
16:59 Fishing Lines
22:10 Castle Age
22:36 Pikeman
23:37 Gillnets
26:04 Fletching
27:05 Wheelbarrow
27:37 Padded Archer Armor
27:41 Scale Mail Armor
Connection lost

Rejoining the realm…

Still unreachable

The connection could not be restored.

Session expired

The server has moved on; the page needs a fresh start.